 Dungeon Crawl Stone Soup version 0.28-a0-1510-gd0f6b136d3 (webtiles) character file.

Game seed: 10848547262687950243

413 Demosthentine the Skirmisher (level 6, 0/33 HPs)
             Began as a Vine Stalker Chaos Knight on Jan 15, 2022.
             Was a Plaything of Xom.
             Slain by an ogre (22 damage)
             ... on level 5 of the Dungeon.
             The game lasted 00:02:06 (2410 turns).

Demosthentine the Skirmisher (VSCK)                 Turns: 2410, Time: 00:02:07

Health: 0/33       AC:  7    Str: 17    XL:     6   Next: 90%
Magic:  0/7        EV: 11    Int: 12    God:    Xom [..*...]
Gold:   32         SH:  0    Dex: 13    Spells: 5/5 levels left

rFire   . . .      SeeInvis .   a - +0 hand axe (chaos)
rCold   . . .      Faith    .   (no shield)
rNeg    . . .      Spirit   +   h - +0 ring mail
rPois   .          Reflect  .   (no helmet)
rElec   .          Harm     .   e - +1 cloak
rCorr   .          Rampage  .   (no gloves)
Will    .....                   (no boots)
Stlth   +.........              b - amulet of regeneration
HPRegen 1.71/turn               (no ring)
MPRegen 0.10/turn               (no ring)

@: no status effects
A: fangs 2, regeneration 1, magic shield, antimagic bite, no potion heal 2
a: Renounce Religion


You were on level 5 of the Dungeon.
You worshipped Xom.
You were a toy of Xom.
You visited 1 branch of the dungeon, and saw 4 of its levels.

You collected 32 gold pieces.

Inventory:

Hand Weapons
 a - a +0 hand axe of chaos (weapon)
Armour
 e - a +1 cloak (worn)
 h - a +0 ring mail (worn)
Jewellery
 b - an amulet of regeneration (around neck)
 j - a ring of magical power
Scrolls
 c - 4 scrolls of identify
 d - a scroll of amnesia {unknown}
Potions
 f - 2 potions of might
 g - a potion of resistance
 i - 2 potions of attraction {unknown}
 k - a potion of degeneration {unknown}


   Skills:
 + Level 4.1 Fighting
 + Level 4.1 Axes
 + Level 3.2 Armour
 + Level 2.7 Dodging


You had 5 spell levels left.
You didn't know any spells.
Your spell library contained the following spells:

 Spells                   Type           Power      Damage    Failure   Level
 Animate Skeleton         Necr           0%         N/A       52%         1
 Pain                     Necr           0%         1d4       52%         1
 Vampiric Draining        Necr           0%         2d6       87%         3


Dungeon Overview and Level Annotations

Branches:
Dungeon (3/15)             Temple (0/1) D:5

Altars:
Dithmenos
Makhleb


Innate Abilities, Weirdness & Mutations

You have extremely sharp teeth.
Your natural rate of healing is unusually fast.
When hurt, damage is shared between your health and your magic reserves.
Your bite disrupts and absorbs the magic of your enemies.
Potions cannot restore your health.


Message History

The howler monkey skeleton is severely damaged.
The howler monkey skeleton closely misses you.
The howler monkey skeleton hits you but does no damage.
You hit the howler monkey skeleton but do no damage.
The howler monkey skeleton is severely damaged.
The howler monkey skeleton hits you but does no damage.
You hit the howler monkey skeleton. You bite the howler monkey skeleton.
You drain its power.
The howler monkey skeleton is almost destroyed.
The howler monkey skeleton hits you.
You hit the howler monkey skeleton. You burn the howler monkey skeleton.
You destroy the howler monkey skeleton!
No target in view!
No target in view!
No target in view!
Key pressed, stopping explore.
No target in view!
An ogre comes into view. It is wielding a +0 giant spiked club.
The ogre shouts!
Found a shadowy altar of Dithmenos.
The ogre hits you with a +0 giant spiked club!!
Ouch! That really hurt!
You are too injured to fight recklessly!
You are too injured to fight recklessly!
You are too injured to fight recklessly!
You are too injured to fight recklessly!
You are too injured to fight recklessly!
The ogre closely misses you.
You closely miss the ogre.
The ogre hits you with a +0 giant spiked club!
You hit the ogre. You freeze the ogre.
The ogre is lightly wounded.
The ogre barely misses you.
You hit the ogre. You burn the ogre. You bite the ogre, but do no damage.
The ogre is moderately wounded.
Xom makes a sudden noise!
You hear a roar!
The ogre hits you with a +0 giant spiked club!!
Ouch! That really hurt!
You die...
Xom chuckles heartily!

.# #.# .# #.# .#
#.############### .#
#######.#.............. .#
..........#####.##..#.# .#
######################.##..#.#
#...................##.##..#.#
#..#...#...#...#...###.##....#
#_..........O@.....).#.###.#.#
#..#...#...#...#...#...# #.#.#
#...................##.###.#.#
######################........
##.....## ###.>...#
##.......## ##.#....
#.........####....#.#
+.........'.........#
#.........####....#.#


You could see an ogre.

Vanquished Creatures
  Eustachio (D:5)
  2 ogres (D:5)
  A jelly (D:5)
  A howler monkey skeleton (D:5)
  2 adders (D:2)
  6 orcs
  4 endoplasms
  2 giant cockroaches (D:1)
  3 goblins
  5 hobgoblins
  4 jackals (D:5)
  3 quokkas (D:1)
  2 ball pythons (D:2)
  3 bats
  5 frilled lizards
  2 kobolds (D:1)
  2 rats
48 creatures vanquished.

Notes
Turn   | Place    | Note
-------+----------+-------------------------------------------
     0 | D:1      | Demosthentine the Vine Stalker Chaos Knight began the quest
                  | for the Orb.
     0 | D:1      | Reached XP level 1. HP: 11/11 MP: 2/2
   179 | D:1      | Reached skill level 1 in Dodging
   197 | D:1      | Reached XP level 2. HP: 16/16 MP: 3/3
   633 | D:1      | XOM: cast spell 'Cause Fear'
   873 | D:2      | Reached XP level 3. HP: 20/20 MP: 4/4
  1115 | D:2      | XOM: enchant monster (good)
  1179 | D:2      | XOM: god gift: cloak {god gift}
  1306 | D:2      | XOM: god gift: ring mail {god gift}
  1584 | D:2      | XOM: cloud trail
  1705 | D:2      | Gained mutation: Your natural rate of healing is unusually
                  | fast. [Vine Stalker growth]
  1705 | D:2      | Reached XP level 4. HP: 24/24 MP: 5/5
  1834 | D:3      | XOM: 1-stop teleportation journey
  1865 | D:3      | XOM: noise
  1869 | D:3      | XOM: cloud trail
  1907 | D:3      | You fall into a shaft and drop 2 floors!
  1907 | D:5      | Entered Level 5 of the Dungeon
  1954 | D:5      | Found a burning altar of Makhleb.
  1983 | D:5      | Noticed an ogre
  1992 | D:5      | Killed an ogre
  1993 | D:5      | Reached XP level 5. HP: 28/28 MP: 6/6
  2064 | D:5      | Noticed an ogre
  2070 | D:5      | Killed an ogre
  2071 | D:5      | Reached XP level 6. HP: 33/33 MP: 7/7
  2209 | D:5      | Noticed Eustachio
  2213 | D:5      | XOM: divination: detect items
  2216 | D:5      | XOM: confuse monster(s)
  2230 | D:5      | Killed Eustachio
  2239 | D:5      | Found a staircase to the Ecumenical Temple.
  2250 | D:5      | XOM: 2-stop teleportation journey
  2396 | D:5      | Found a shadowy altar of Dithmenos.
  2410 | D:5      | XOM: noise
  2410 | D:5      | Slain by an ogre

Illustrated notes

Levels and vault maps discovered:
D:1:      minmay_arrival_four_loops, layout_basic
D:2:      minmay_evil_eye, layout_basic
D:3:      layout_loops_ring, serial_shops, shop
D:5:      layout_loops_corners, lemuel_coloured_pillars_altar,
          mainiacjoe_overflow_boulevard, temple_pool_b, serial_shops,
          kennysheep_little_box, columned_hall_lemuel, uniq_eustachio,
          uniq_crazy_yiuf_cottage

Skill      XL: |  1  2  3  4  5  6 |
---------------+-------------------+-----
Dodging        | 1 2 |  2.7
Fighting       | 3 4 |  4.1
Axes           | 3 4 |  4.1
Armour         | 2 3 |  3.2

Action                   |  1- 3 |  4- 6 || total
-------------------------+-------+-------++-------
Melee: Hand axe          |    78 |    70 ||   148
       Bite              |    12 |    21 ||    33
       Punch             |       |     1 ||     1
  Use: Scroll            |     4 |     1 ||     5
 Stab: Sleeping          |     1 |       ||     1
       Paralysed         |     3 |       ||     3
Armor: Leather armour    |    20 |       ||    20
       Ring mail         |    14 |    24 ||    38
Dodge: Dodged            |    42 |    47 ||    89

Table legend: (Time is in decaauts)
 A = Elapsed time spent in this place.
 B = Non-inter-level travel time spent in this place.
 C = Inter-level travel time spent in this place.
 D = Time resting spent in this place.
 E = Time spent auto-exploring this place.
 F = Levels seen in this place.
 G = Mean time per level.
                   A        B        C        D        E       F      G
               +--------+--------+--------+--------+--------+-----+--------+
         Total |   2429 |   2362 |     67 |      0 |   1983 |   4 |  607.2 |
       Dungeon |   2429 |   2362 |     67 |      0 |   1983 |   4 |  607.2 |
               +--------+--------+--------+--------+--------+-----+--------+

Top non-repeatable levels by time:
     D:2: 982 daAuts
     D:1: 855 daAuts
     D:5: 510 daAuts
     D:3: 81 daAuts
